 Dungeon Sprint DCSS version 0.30-a0-29-g142975f185 (webtiles) character file.

Game seed: 17709666024436891101

3712 jt the Unseen (level 10, -5/72 HPs)
             Began as a Kobold Brigand on Aug 26, 2022.
             Was the Champion of Dithmenos.
             Slain by a jumping spider (7 damage)
             ... in the Dungeon (Sprint VII: "The Pits").
             The game lasted 00:03:43 (831 turns).

jt the Unseen (Kobold Brigand)                       Turns: 831, Time: 00:03:44

Health: -5/72      AC: 10    Str:  9    XL:     10   Next: 36%
Magic:  10/10      EV: 20    Int: 19    God:    Dithmenos [******]
Gold:   0          SH:  0    Dex: 20    Spells: 9/9 levels left

rFire   . . .      SeeInvis .    r - +1 long sword (flame)
rCold   . . .      Faith    .    (no shield)
rNeg    . . .      Spirit   .    y - +3 ring mail
rPois   .          Reflect  .    (no helmet)
rElec   .          Harm     .    c - +0 cloak
rCorr   .          Rampage  .    (no gloves)
Will    .....      NoTele   +    (no boots) Stlth ******++++
                                 (no amulet)
HPRegen 0.22/turn                t - +3 ring of intelligence
MPRegen 0.12/turn                u - +3 ring of intelligence

@: wreathed by umbra
A: small, no large weapons, nightstalker 3
a: Renounce Religion, Shadow Step, Shadow Form


You were in the Dungeon.
You worshipped Dithmenos.
Dithmenos was exalted by your worship.
You visited 1 branch

Inventory:

Hand Weapons
 a - a +2 dagger
 q - a +0 dagger of draining
 r - a +1 long sword of flaming (weapon)
 w - a +2 scimitar of draining
 x - a +2 rapier of distortion
 z - a +0 scimitar of flaming
Missiles
 d - 9 poisoned darts (quivered)
 e - 3 curare-tipped darts
 m - 10 stones
 s - 2 boomerangs
Armour
 b - a +0 robe
 c - a +0 cloak (worn)
 y - a +3 ring mail (worn)
Jewellery
 t - a +3 ring of intelligence (left hand)
 u - a +3 ring of intelligence (right hand)
Scrolls
 k - a scroll of blinking
 n - 5 scrolls of amnesia
 o - a scroll of summoning
 p - 2 scrolls of vulnerability
Potions
 f - 7 potions of curing
 g - 12 potions of heal wounds
 h - a potion of haste
 i - 4 potions of magic
 j - 2 potions of berserk rage
 l - 2 potions of invisibility
 v - 3 potions of mutation


   Skills:
 + Level 12.3 Fighting
 - Level 10.0 Short Blades
 + Level 0.6(4.0) Long Blades
 - Level 2.1 Throwing
 + Level 5.5 Armour
 + Level 13.1 Dodging
 + Level 19.9 Stealth


You had 9 spell levels left.
You didn't know any spells.
Your spell library was empty.

Dungeon Overview and Level Annotations

Branches:
Dungeon (1/1)

Altars:
Ashenzari
Cheibriados
Dithmenos
Elyvilon
Fedhas
Gozag
Hepliaklqana
Kikubaaqudgha
Makhleb
Nemelex Xobeh
Okawaru
Qazlal
Ru
Sif Muna
Trog
Uskayaw
Vehumet
Wu Jian
Xom
Yredelemnul
Zin
The Shining One
Jiyva
Lugonu


Innate Abilities, Weirdness & Mutations

You are small and have problems with some larger weapons.
You are completely attuned to the shadows.


Message History

The jumping spider is severely wounded.
Your shadow barely misses the jumping spider.
The jumping spider pounces on you but does no damage.
The jumping spider bites you.
The jumping spider leaps!
The jumping spider leaps!
The jumping spider barely misses you. The jumping spider misses you.
You close the door.
The jumping spider pounces on you.
* * * LOW HITPOINT WARNING * * *
The jumping spider completely misses you.
You miss the jumping spider.
The jumping spider is severely wounded.
The jumping spider barely misses you. x2; The jumping spider misses you.
The jumping spider completely misses you.
You barely miss the jumping spider.
The jumping spider is severely wounded.
The jumping spider completely misses you.
The jumping spider bites you.
* * * LOW HITPOINT WARNING * * *
The jumping spider closely misses you. x2
You hit the jumping spider. You burn the jumping spider.
The jumping spider is severely wounded.
The jumping spider barely misses you.
The jumping spider bites you but does no damage.
You hit the jumping spider but do no damage.
The jumping spider is severely wounded.
The jumping spider completely misses you. x2
The jumping spider misses you. The jumping spider bites you.
* * * LOW HITPOINT WARNING * * *
You hit the jumping spider but do no damage.
The jumping spider is severely wounded.
The jumping spider leaps! x2
You barely miss the jumping spider.
The jumping spider is severely wounded.
Your shadow completely misses the jumping spider.
The jumping spider pounces on you!
* * * LOW HITPOINT WARNING * * *
You emit a cloud of dark smoke.
The jumping spider bites you.
* * * LOW HITPOINT WARNING * * *
You emit a cloud of dark smoke.
The jumping spider pounces on you!
You die...

.......# ##.........
.......###..###'###.
.......##).##.)...##
#########).'.......+
#########..##.....##
†.#..[[###..###'###.
..#..[[# ##...§§§...
..'..))###...##+##..
..#...)##..†##§§@# .
).#..).##..###§§s#
############ #####


You could see a jumping spider.

Vanquished Creatures
  A bog body (D)
  A flayed ghost (D)
  Pikel (D)
  A cane toad (D)
  A molten gargoyle (D)
  An efreet (D)
  A flying skull (D)
  Sigmund (D)
  A spriggan (D)
  A basilisk (D)
  A steam dragon (D)
  An orc warrior (D)
  An ogre (D)
  4 wolves (D)
  A centaur (D)
  2 lemures (D)
  A necrophage (D)
  2 wights (D)
  2 iguanas (D)
  An adder (D)
  A white imp (D)
  An orc (D)
  A ball python (D)
  A giant cockroach (D)
  A goblin (D)
  A hobgoblin (D)
  11 jackals (D)
  A ball python skeleton (D)
  A frilled lizard (D)
  A kobold (D)
  A rat (D)
47 creatures vanquished.

Notes
Turn   | Place    | Note
-------+----------+-------------------------------------------
     0 | D        | jt the Kobold Brigand began the quest for the Orb.
     0 | D        | Reached XP level 1. HP: 12/12 MP: 1/1
    35 | D        | Found a glowing golden altar of the Shining One.
    35 | D        | Found a glowing silver altar of Zin.
    35 | D        | Found a bloodstained altar of Trog.
    35 | D        | Found a shimmering blue altar of Sif Muna.
    35 | D        | Found a sacrificial altar of Ru.
    35 | D        | Found a stormy altar of Qazlal.
    35 | D        | Found a viscous altar of Jiyva.
    35 | D        | Found a hazy altar of Hepliaklqana.
    35 | D        | Found an opulent altar of Gozag.
    35 | D        | Found a blossoming altar of Fedhas.
    36 | D        | Found a basalt altar of Yredelemnul.
    36 | D        | Found an iron altar of Okawaru.
    36 | D        | Found a white marble altar of Elyvilon.
    37 | D        | Found a shimmering altar of Xom.
    37 | D        | Found a sparkling altar of Nemelex Xobeh.
    37 | D        | Found a shadowy altar of Dithmenos.
    38 | D        | Found an ornate altar of the Wu Jian Council.
    38 | D        | Found a burning altar of Makhleb.
    38 | D        | Found a snail-covered altar of Cheibriados.
    39 | D        | Found a radiant altar of Vehumet.
    39 | D        | Found a corrupted altar of Lugonu.
    40 | D        | Found a hide-covered altar of Uskayaw.
    40 | D        | Found an ancient bone altar of Kikubaaqudgha.
    40 | D        | Found a broken altar of Ashenzari.
    47 | D        | Became a worshipper of Dithmenos the Shadowed
    65 | D        | Reached skill level 6 in Stealth
   129 | D        | Reached * piety under Dithmenos
   136 | D        | Reached skill level 7 in Stealth
   141 | D        | Reached ** piety under Dithmenos
   142 | D        | Reached skill level 8 in Stealth
   142 | D        | Reached XP level 2. HP: 16/17 MP: 2/2
   147 | D        | Reached skill level 9 in Stealth
   157 | D        | Reached *** piety under Dithmenos
   158 | D        | Reached XP level 3. HP: 12/21 MP: 3/3
   158 | D        | Noticed an ogre
   166 | D        | Killed an ogre
   167 | D        | Reached skill level 13 in Stealth
   167 | D        | Reached XP level 4. HP: 7/26 MP: 4/4
   167 | D        | Reached XP level 5. HP: 8/30 MP: 5/5
   415 | D        | Noticed Sigmund
   419 | D        | Killed Sigmund
   420 | D        | Reached skill level 5 in Fighting
   420 | D        | Reached skill level 5 in Dodging
   420 | D        | Reached skill level 14 in Stealth
   420 | D        | Reached XP level 6. HP: 40/40 MP: 6/6
   420 | D        | Noticed a flying skull
   429 | D        | Reached **** piety under Dithmenos
   447 | D        | Killed a flying skull
   448 | D        | Reached skill level 15 in Stealth
   448 | D        | Reached XP level 7. HP: 47/47 MP: 7/7
   455 | D        | Reached ***** piety under Dithmenos
   458 | D        | Noticed a basilisk
   460 | D        | Killed a basilisk
   461 | D        | Reached skill level 16 in Stealth
   465 | D        | Reached XP level 8. HP: 54/54 MP: 8/8
   475 | D        | Noticed a molten gargoyle
   476 | D        | Noticed a cane toad
   479 | D        | Killed a molten gargoyle
   480 | D        | Reached skill level 10 in Short Blades
   480 | D        | Reached skill level 17 in Stealth
   481 | D        | Killed a cane toad
   482 | D        | Reached skill level 10 in Fighting
   482 | D        | Reached skill level 10 in Dodging
   482 | D        | Reached XP level 9. HP: 62/62 MP: 9/9
   623 | D        | Noticed Pikel
   642 | D        | Noticed an efreet
   644 | D        | Reached ****** piety under Dithmenos
   645 | D        | Reached skill level 1 in Armour
   645 | D        | Reached skill level 18 in Stealth
   646 | D        | Killed Pikel
   648 | D        | Killed an efreet
   657 | D        | Reached skill level 19 in Stealth
   670 | D        | Noticed a flayed ghost
   681 | D        | Killed a flayed ghost
   682 | D        | Reached XP level 10. HP: 71/71 MP: 10/10
   737 | D        | Noticed a bog body
   746 | D        | Killed a bog body
   747 | D        | Reached skill level 5 in Armour
   831 | D        | HP: 2/72 [jumping spider (5)]
   831 | D        | Slain by a jumping spider

Illustrated notes

Levels and vault maps discovered:
D:        pitsprint [storerooms_1, entrance_room_1, metal_vault_5, armoury_2,
          mini_pit_1, grid_room_1, main_hall_1, silver_pit, the_coven_3,
          the_vestibule_1, steel_vault_1, golden_pit, hallway_of_sentries,
          crystal_vault_5, iron_vault_2, final_vault]

Skill      XL: |  1  2  3  4  5  6  7  8  9 10 |
---------------+-------------------------------+-----
Stealth        | 8 9 13 14 15 16 17 19 | 19.9
Fighting       | 5 6 7 10 11 12 | 12.3
Short Blades   | 6 7 9 10 | 10.0
Dodging        | 5 6 8 10 12 13 | 13.1
Armour         | 4 5 |  5.5
Long Blades    | |  0.6
Throwing       | |  2.1

Action                   |  1- 3 |  4- 6 |  7- 9 | 10-12 || total
-------------------------+-------+-------+-------+-------++-------
Melee: Dagger            |    34 |    17 |    33 |     4 ||    88
       Punch             |     1 |     1 |       |       ||     2
       Long sword        |       |       |     8 |    28 ||    36
  Use: Potion            |     1 |       |     1 |     1 ||     3
 Stab: Sleeping          |     4 |     4 |    19 |       ||    27
Armor: Robe              |       |     2 |       |       ||     2
       Ring mail         |       |       |     8 |    11 ||    19
Dodge: Dodged            |    29 |    13 |    33 |    82 ||   157

Table legend: (Time is in decaauts)
 A = Elapsed time spent in this place.
 B = Non-inter-level travel time spent in this place.
 C = Inter-level travel time spent in this place.
 D = Time resting spent in this place.
 E = Time spent auto-exploring this place.
 F = Levels seen in this place.
 G = Mean time per level.
                   A        B        C        D        E       F      G
               +--------+--------+--------+--------+--------+-----+--------+
         Total |    843 |    753 |     90 |    372 |      0 |   1 |  843.0 |
       Dungeon |    843 |    753 |     90 |    372 |      0 |   1 |  843.0 |
               +--------+--------+--------+--------+--------+-----+--------+

Top non-repeatable levels by time:
       D: 843 daAuts
